 Dungeon Crawl Stone Soup version 0.30.1-11-g7821555f0a (webtiles) character file.

Game seed: 12408994837250006148

339 ChrisAssaf the Magician (level 6, -2/42 HPs)
             Began as a Djinni Summoner on Jan 6, 2024.
             Killed from afar by a white imp (12 damage)
             ... with a puff of frost
             ... on level 7 of the Dungeon.
             The game lasted 00:08:03 (1381 turns).

ChrisAssaf the Magician (Djinni Summoner)           Turns: 1381, Time: 00:08:07

Health: -2/42      AC:  4    Str:  7    XL:     6   Next: 86%
Gold:   119        EV: 13    Int: 19    God:
                   SH:  0    Dex: 13

rFire   + + .        d - +1 short sword
rCold   x . .        (no shield)
rNeg    . . .        a - +0 robe
rPois   ∞            (no helmet)
rElec   .            (no cloak)
rCorr   .            c - +1 pair of gloves {hurl}
SInv    .            (boots unavailable)
Will    .....        (no amulet)
Stlth   ++           (no ring)
HPRegen 0.27/turn    (no ring)
MPRegen 0.00/turn

%: infuse magic (-3 HP)
@: flying
A: sickness immunity, fire resistance 2, cold vulnerability 1, float, innate
caster, HP casting, extra vitality 1
a: no special abilities


You were on level 7 of the Dungeon.
You visited 1 branch of the dungeon, and saw 5 of its levels.

You collected 119 gold pieces.

Inventory:

Hand Weapons
 d - a +1 short sword (weapon)
Armour
 a - a +0 robe (worn)
 c - a +1 pair of gloves of hurling (worn)
Wands
 i - a wand of acid (8)
Scrolls
 e - a scroll of fear
 h - a scroll of teleportation
Potions
 b - a potion of flight
 f - a potion of cancellation {unknown}
 g - a potion of lignification
 k - a potion of haste


   Skills:
 * Level 1.6 Fighting
 * Level 1.5 Short Blades
 * Level 1.7 Armour
 * Level 3.3 Dodging
 * Level 2.2 Stealth
 * Level 4.7 Spellcasting
 * Level 0.2 Evocations


You knew the following spells:

 Your Spells              Type           Power      Damage    Failure   Level
a - Summon Small Mammal   Summ           88%        N/A       1%          1
b - Call Imp              Summ           44%        N/A       2%          2
c - Call Canine Familiar  Summ           22%        N/A       5%          3
d - Summon Guardian Gole  Hex/Summ       22%        N/A       5%          3
e - Summon Lightning Spi  Summ/Air       22%        N/A       19%         4
f - Necrotise             Necr           88%        1d8       1%          1
g - Searing Ray           Conj           44%        2d6       2%          2
Your spell library was empty.

Dungeon Overview and Level Annotations

Branches:
Dungeon (4/15)
 Temple: D:4-7

Altars:
Yredelemnul


Innate Abilities, Weirdness & Mutations

You are immune to sickness and miasma.
You are immune to poison.
Your flesh is very heat resistant. (rF++)
You are vulnerable to cold. (rC-)
You float through the air rather than walking.
You learn spells naturally, not from books.
Your magical power is your life essence.
You have superior vitality. (+4 MHP)


Message History

The white imp barely misses you.
You hit the white imp but do no damage.
The white imp is lightly wounded.
Your cerulean imp hits the white imp with a -2 spear.
The white imp hits you but does no damage.
You hit the white imp but do no damage.
The white imp is moderately wounded.
Your cerulean imp hits the white imp but does no damage.
The white imp hits you but does no damage.
You barely miss the white imp.
The white imp is moderately wounded.
Your cerulean imp completely misses the white imp.
The white imp gestures at you. The puff of frost misses you.
The puff of frost hits you!
You feel a terrible chill!
Casting: Call Imp (safe; 2% risk of failure)
Confirm with . or Enter, or press ? or * to list all spells.
You can't see any susceptible monsters within range! (Use Z to cast anyway.) Unknown command.
Aiming: Searing Ray (safe; 2% risk of failure)
Press: ? - help, Q - select action, (/) - cycle Shift-Dir - straight line, f - white imp
Aim: a white imp (moderately wounded, ally target, 78% to hit)
The searing ray hits the white imp.
The white imp is severely wounded. (Press . to maintain the ray.)
Your cerulean imp hits the white imp but does no damage.
The white imp hits you. The white imp freezes you.
You feel a terrible chill!
The searing ray misses the white imp.
A centaur comes into view.
Your cerulean imp hits the white imp but does no damage.
The white imp hits you. The white imp freezes you!
You feel a terrible chill!
* * * LOW HITPOINT WARNING * * *
Unknown command.
The searing ray hits the white imp but does no damage.
The white imp is severely wounded.
* * * LOW HITPOINT WARNING * * *
Your cerulean imp barely misses the white imp.
The white imp gestures at you. The puff of frost hits you!
You feel a terrible chill!
You die...

#.# #.# ####
####.# #@5##
.##.#
#5#.####.)§§#
#.#.#..'##§§#
#c##.###.§§§#
#.####..§§§§#
.###....§§###
##...##.###
..# #.. # #.#


You could see a centaur, a white imp (ally target) and a friendly cerulean imp
(summoned).

Vanquished Creatures
  Blork the orc (D:4)
  A hound (D:4)
  2 adders
  A worm (D:4)
  2 dart slugs
  2 orcs
  A bat (D:3)
  3 endoplasms
  A goblin (D:4)
  A hobgoblin (D:4)
  A ball python (D:3)
16 creatures vanquished.

Vanquished Creatures (collateral kills)
  An ogre (D:4)
  A scorpion (D:4)
  A hound (D:4)
  An adder (D:2)
  An orc (D:3)
  A bat (D:1)
  2 endoplasms
  2 giant cockroaches
  A goblin (D:3)
  3 hobgoblins
  2 kobolds
  2 quokkas
  4 ball pythons
22 creatures vanquished.

Grand Total: 38 creatures vanquished

Notes
Turn   | Place    | Note
-------+----------+-------------------------------------------
     0 | D:1      | ChrisAssaf the Djinni Summoner began the quest for the Orb.
     0 | D:1      | ChrisAssaf set off with the following spells memorised:
                  | Summon Small Mammal, Call Imp, Call Canine Familiar, Summon
                  | Guardian Golem, Summon Lightning Spire.
     0 | D:1      | Reached XP level 1. HP: 15/15 MP: 0/0
    65 | D:1      | Reached XP level 2. HP: 15/21 MP: 0/0
   106 | D:1      | You are sucked into a shaft and drop 1 floor!
   235 | D:2      | Reached XP level 3. HP: 22/25 MP: 0/0
   235 | D:2      | Learned a level 1 spell: Necrotise
   421 | D:3      | Found a basalt altar of Yredelemnul.
   657 | D:3      | Reached XP level 4. HP: 28/31 MP: 0/0
   705 | D:4      | Noticed an ogre
   728 | D:4      | Killed an ogre
   729 | D:4      | Reached skill level 1 in Fighting
   729 | D:4      | Reached skill level 1 in Short Blades
   729 | D:4      | Reached skill level 1 in Armour
   729 | D:4      | Reached skill level 4 in Spellcasting
   729 | D:4      | Reached XP level 5. HP: 11/37 MP: 0/0
   729 | D:4      | Learned a level 2 spell: Searing Ray
   919 | D:4      | Reached XP level 6. HP: 20/42 MP: 0/0
  1238 | D:4      | Noticed Blork the orc
  1247 | D:4      | Killed Blork the orc
  1350 | D:4      | You are sucked into a shaft and drop 3 floors!
  1381 | D:7      | Killed from afar by a white imp

Illustrated notes

Levels and vault maps discovered:
D:1:      dpeg_arrival_rooms_a, layout_loops_ring,
          hellmonk_ecumenical_altar_the_god_not_taken
D:2:      layout_rooms, serial_undead, serial_undead_d, serial_undead_a,
          serial_undead_e, serial_undead_c
D:3:      layout_basic, lemuel_round_altar, minmay_misc_feat_columns,
          minmay_cupped
D:4:      layout_basic, uniq_blork_the_orc
D:7:      minmay_the_grid_four_pointed_star
          [minmay_the_grid_triangle_9x9_impossible_snake,
          minmay_the_grid_triangle_9x9_sparse_checkered,
          minmay_the_grid_triangle_9x9_descending_squares,
          minmay_the_grid_triangle_9x9_odd_lines,
          minmay_the_grid_prize_four_corners_diamond_a], layout_basic,
          enter_bailey_7

Skill      XL: |  1  2  3  4  5 |
---------------+----------------+-----
Fighting       | 1 |  1.6
Short Blades   | 1 |  1.5
Armour         | 1 |  1.7
Stealth        | 2 |  2.2
Spellcasting   | 4 |  4.7
Dodging        | 3 |  3.3
Evocations     | |  0.2

Action                     |  1- 3 |  4- 6 || total
---------------------------+-------+-------++-------
  Melee: Unarmed           |     2 |       ||     2
         Dagger            |    14 |       ||    14
         Short sword       |    24 |    37 ||    61
   Cast: Summon Small Mamm |     9 |       ||     9
         Call Imp          |     9 |     4 ||    13
         Call Canine Famil |     1 |     1 ||     2
         Searing Ray       |       |     3 ||     3
         Summon Lightning  |       |     4 ||     4
  Evoke: Wand              |       |     1 ||     1
    Use: Scroll            |     4 |     4 ||     8
         Potion            |       |     2 ||     2
   Stab: Distracted        |     1 |       ||     1
         Sleeping          |     1 |       ||     1
 Armour: Robe              |    26 |    10 ||    36
  Dodge: Dodged            |    40 |    39 ||    79
